 Dungeon Crawl Stone Soup version 0.30.1-11-g7821555f0a (webtiles) character file.

Game seed: 4204309659254210504

847 PaiMei the Grave Robber (level 7, -10/53 HPs)
             Began as a Demonspawn Necromancer on Jan 10, 2024.
             Mangled by an ice beast (11 damage)
             ... on level 5 of the Dungeon.
             The game lasted 00:05:46 (4852 turns).

PaiMei the Grave Robber (Demonspawn Necromancer)    Turns: 4852, Time: 00:05:47

Health: -10/53     AC:  2    Str:  8    XL:     7   Next: 68%
Magic:  1/13       EV: 14    Int: 19    God:
Gold:   235        SH:  0    Dex: 19    Spells: 10/14 levels left

rFire   + . .        z - +2 dagger (venom)
rCold   . . .        (no shield)
rNeg    . . .        a - +0 robe
rPois   .            (helmet unavailable)
rElec   .            (no cloak)
rCorr   .            (no gloves)
SInv    +            (no boots)
Will    .....        (no amulet)
Stlth   ++           d - +6 ring of dexterity
HPRegen 0.28/turn    h - ring of protection from fire
MPRegen 0.13/turn

%: no passive effects
@: no status effects
A: antennae 3
a: no special abilities


You were on level 5 of the Dungeon.
You visited 1 branch of the dungeon, and saw 5 of its levels.

You collected 245 gold pieces.
You spent 10 gold pieces at shops.

Inventory:

Hand Weapons
 f - a +0 dagger
 l - a +1 whip of electrocution
 z - a +2 dagger of venom (weapon)
Armour
 a - a +0 robe (worn)
 w - a +0 buckler
Jewellery
 d - a +6 ring of dexterity (left hand)
 h - a ring of protection from fire (right hand)
 j - a ring of fire
 r - a ring of protection from fire
 s - an amulet of the acrobat
 t - a ring of ice
 x - a ring of fire
Scrolls
 c - a scroll of fear {unknown}
 e - 3 scrolls of teleportation {unknown}
 g - 7 scrolls of identify
 m - 2 scrolls of amnesia {unknown}
 q - 2 scrolls of vulnerability {unknown}
 y - a scroll of blinking {unknown}
Potions
 b - a potion of magic
 i - a potion of ambrosia {unknown}
 k - 4 potions of invisibility {unknown}
 n - a potion of heal wounds {unknown}
 o - 2 potions of brilliance {unknown}
 p - 2 potions of curing {unknown}
 u - a potion of flight {unknown}
 v - a potion of haste {unknown}


   Skills:
 + Level 3.8 Fighting
 + Level 4.2 Dodging
 - Level 2.3 Stealth
 + Level 4.3 Spellcasting
 + Level 6.5 Necromancy


You had 10 spell levels left.
You knew the following spells:

 Your Spells              Type           Power      Damage    Failure   Level
a - Necrotise             Necr           100%       1d9       1%          1
b - Vampiric Draining     Necr           28%        2d8       2%          3

Your spell library contained the following spells:

 Spells                   Type           Power      Damage    Failure   Level
 Animate Dead             Necr           28%        N/A       9%          4
 Shock                    Conj/Air       16%        1d4       13%         1
 Lesser Beckoning         Tloc           8%         N/A       21%         2
 Agony                    Necr           28%        N/A       26%         5
 Gell's Gravitas          Tloc           4%         N/A       36%         3
 Swiftness                Air            4%         N/A       36%         3
 Teleport Other           Tloc           4%         N/A       36%         3
 Airstrike                Air            2%         2d(1-17)  78%         4
 Dispersal                Tloc           2%         N/A       100%        6


Dungeon Overview and Level Annotations

Branches:
Dungeon (5/15)
 Temple: D:4-7

Altars:
Ru
Vehumet

Shops:
D:5 *


Innate Abilities, Weirdness & Mutations

You have a pair of large antennae on your head. (SInv)


Message History

The ice beast is heavily wounded.
The ice beast barely misses you.
Casting: Vampiric Draining (dangerous; 2% risk of failure)
Confirm with . or Enter, or press ? or * to list all spells.
You don't have enough magic to cast this spell.
You hit the ice beast but do no damage.
The ice beast is heavily wounded.
The ice beast closely misses you.
You hit the ice beast but do no damage. Your punch misses the ice beast.
The ice beast is heavily wounded.
The ice beast hits you. The ice beast freezes you!
You hit the ice beast.
The ice beast is severely wounded.
The ice beast barely misses you.
Casting: Vampiric Draining (dangerous; 2% risk of failure)
Confirm with . or Enter, or press ? or * to list all spells.
You don't have enough magic to cast this spell.
Casting: Vampiric Draining (dangerous; 2% risk of failure)
Confirm with . or Enter, or press ? or * to list all spells.
You don't have enough magic to cast this spell.
Casting: Vampiric Draining (dangerous; 2% risk of failure)
Confirm with . or Enter, or press ? or * to list all spells.
You don't have enough magic to cast this spell.
Your orc skeleton hits the ice beast but does no damage.
Things that are here:
a +0 whip; a scroll labelled ESSIFY HIHUA The ice beast attacks as you move away!
The ice beast hits you. The ice beast freezes you!
Your orc skeleton misses the ice beast.
You closely miss the ice beast.
You punch the ice beast, but do no damage.
The ice beast is severely wounded.
The ice beast hits you. The ice beast freezes you!
* * * LOW HITPOINT WARNING * * *
You hit the ice beast.
The ice beast is severely wounded.
Your orc skeleton completely misses the ice beast.
The ice beast hits you.
* * * LOW HITPOINT WARNING * * *
The ice beast freezes you!
You die...

.#####. ## #######
#.Y@..#
#.###Z###.#########
#...)...#......<...
#####)#.#..######..
#......# #
######.##.# #
###.........# #
...####.#######
#..# #.[......#


You could see an ice beast (ally target) and a friendly orc skeleton.

Vanquished Creatures
  Sigmund (D:2)
  A black bear (D:5)
  2 scorpions
  2 orc priests (D:5)
  2 hounds (D:5)
  3 iguanas
  Jessica (D:2)
  3 orc wizards (D:5)
  4 gnolls (D:2)
  4 adders
  2 ufetubi (D:5)
  4 dart slugs
  9 orcs
  7 ball pythons
  3 endoplasms
  6 giant cockroaches
  8 goblins
  4 hobgoblins
  6 jackals
  5 kobolds
  5 quokkas
  7 bats
  A frilled lizard (D:1)
  3 rats
93 creatures vanquished.

Vanquished Creatures (collateral kills)
  A hobgoblin (D:2)
  2 frilled lizards (D:2)
3 creatures vanquished.

Grand Total: 96 creatures vanquished

Notes
Turn   | Place    | Note
-------+----------+-------------------------------------------
     0 | D:1      | PaiMei the Demonspawn Necromancer began the quest for the
                  | Orb.
     0 | D:1      | Reached XP level 1. HP: 13/13 MP: 3/3
   345 | D:1      | Gained mutation: You have a pair of small antennae on your
                  | head. [demonic ancestry]
   345 | D:1      | Reached XP level 2. HP: 11/19 MP: 0/5
  1057 | D:1      | Found a faded altar of an unknown god.
  1117 | D:1      | Reached XP level 3. HP: 24/24 MP: 0/6
  1288 | D:1      | Learned a level 3 spell: Vampiric Draining
  1520 | D:2      | Noticed Sigmund
  1532 | D:2      | Killed Sigmund
  1533 | D:2      | Reached skill level 1 in Fighting
  1533 | D:2      | Reached skill level 5 in Necromancy
  1533 | D:2      | Reached XP level 4. HP: 12/33 MP: 0/8
  1533 | D:2      | Gained mutation: You have a pair of antennae on your head.
                  | [demonic ancestry]
  1533 | D:2      | Reached XP level 5. HP: 14/38 MP: 0/9
  1814 | D:2      | Noticed Jessica
  1818 | D:2      | Killed Jessica
  1987 | D:2      | Reached XP level 6. HP: 35/44 MP: 3/11
  3152 | D:3      | Found a radiant altar of Vehumet.
  3770 | D:5      | Entered Level 5 of the Dungeon
  3778 | D:5      | Reached skill level 6 in Necromancy
  3778 | D:5      | Gained mutation: You have a pair of large antennae on your
                  | head. (SInv) [demonic ancestry]
  3778 | D:5      | Reached XP level 7. HP: 52/52 MP: 1/12
  4321 | D:5      | Found a sacrificial altar of Ru.
  4419 | D:5      | Found Ytilac's CLEARANCE SALE!.
  4450 | D:5      | Bought a scroll of identify for 10 gold pieces
  4852 | D:5      | HP: 1/53 [ice beast (3)]
  4852 | D:5      | Mangled by an ice beast

Illustrated notes

Levels and vault maps discovered:
D:1:      minmay_arrival_solitary_statue, layout_loops_ring,
          chequers_ecumenical_altar_twisty
D:2:      layout_basic, uniq_jessica, uniq_sigmund
D:3:      layout_basic, nicolae_vehumet_altar_sigil
D:4:      layout_rooms
D:5:      layout_loops_ring, nicolae_ru_awakened_eye,
          mainiacjoe_overflow_divided_tiny, nicolae_shop_clearance

Skill      XL: |  1  2  3  4  5  6  7 |
---------------+----------------------+-----
Stealth        | 2 |  2.3
Dodging        | 2 3 4 |  4.2
Fighting       | 1 2 3 |  3.8
Spellcasting   | 3 4 |  4.3
Necromancy     | 5 6 |  6.5

Action                     |  1- 3 |  4- 6 |  7- 9 || total
---------------------------+-------+-------+-------++-------
  Melee: Dagger            |     9 |     1 |    38 ||    48
         Unarmed           |     1 |       |       ||     1
         Whip              |       |     2 |       ||     2
         Punch             |       |       |     1 ||     1
   Cast: Necrotise         |    51 |   100 |    17 ||   168
         Vampiric Draining |     1 |     2 |    16 ||    19
   Stab: Distracted        |       |       |     1 ||     1
 Armour: Robe              |     9 |     4 |     7 ||    20
  Dodge: Dodged            |    22 |    21 |    38 ||    81
